 Dungeon Crawl Stone Soup version 0.12-a0-1417-gf41d6fb (console) character file.

633499 vogonpoet the Invulnerable (level 27, -3/291 (298) HPs)
             Began as a Minotaur Gladiator on Dec 17, 2012.
             Was a High Priest of Jiyva.
             Slain by Mnoleg (19 damage)
             ... in Pandemonium on Dec 22, 2012.
             The game lasted 14:30:05 (101506 turns).

vogonpoet the Invulnerable (Minotaur Gladiator)   Turns: 101506, Time: 14:30:05

HP  -3/291 (298) AC 45     Str 30      XL: 27
MP   5/9         EV  9     Int 18      God: Jiyva [*****.]
Gold 5268        SH  0     Dex  9      Spells: 10 memorised, 15 levels left

Res.Fire  : + + +   See Invis. : .   b - +8,+5 lajatang (antimagic) {god gift}
Res.Cold  : + + .   Warding    : .   M - +10 crystal plate armour "Kiestraik" {Str+ Life Prot.: . . . Conserve : . (no shield)
Res.Poison: .       Res.Corr.  : +   c - +1 cap of Okawaru's Favour {rF++ Str+3, go Res.Elec. : . Clarity : + s - +0 cloak of Day {rF+ rC+ MR}
Sust.Abil.: . .     Spirit.Shd : .   j - +0 pair of gloves of Lies {rC+ Acc+5, god Res.Mut. : . Stasis : . y - +2 pair of boots {run} {god gift} Res.Rott. : . Ctrl.Telep.: . F - amulet of clarity Saprovore : . . . Flight : . i - +3,+7 ring of slaying h - ring of the Octopus King {Wiz AC+1 EV+1 St

@: regenerating, quick, extraordinarily resistant to hostile enchantments,
extremely unstealthy
A: retaliatory headbutt, horns 2, berserk 1, blurry vision 2, deformed body,
-20% mp, +10% hp, slow metabolism 1, spawn jellies when eating, pseudopods 1, AC
+1, Str -1, Int -1, Dex -2
a: Request Jelly, Jelly Paralyse, Slimify, Cure Bad Mutation, Renounce Religion
}: 4/15 runes: decaying, serpentine, silver, magical


You were in Pandemonium.
You worshipped Jiyva.
Jiyva was exalted by your worship.
You were completely stuffed.

You visited 10 branches of the dungeon, and saw 64 of its levels.
You visited Pandemonium 2 times, and saw 18 of its levels.
You visited the Abyss 3 times.
You also visited: Labyrinth, Sewer and Ice Cave.

You collected 9359 gold pieces.
You spent 4111 gold pieces at shops.

Inventory:

Hand weapons
 a - a +8,+5 lajatang of speed
 b - a +8,+5 anti-magic lajatang (weapon) {god gift}
Missiles
 f - 22 javelins (quivered)
Armour
 c - the +1 cap of Okawaru's Favour (worn) {rF++ Str+3, god gift}
   (Okawaru gifted it to you on level 21 of the Dungeon)

   It affects your strength (+3).
   It greatly protects you from fire.
 j - the +0 pair of gloves of Lies (worn) {rC+ Acc+5, god gift}
   (Okawaru gifted it to you on level 1 of the Lair of Beasts)

   It affects your accuracy (+5).
   It protects you from cold.
 s - the +0 cloak of Day (worn) {rF+ rC+ MR}
   (You found it on level 27 of the Dungeon)

   It protects you from fire.
   It protects you from cold.
   It increases your resistance to enchantments.
 y - a +2 pair of boots of running (worn) {god gift}
 M - the +10 crystal plate armour "Kiestraik" (worn) {Str+4 Dex+2, god gift}
   (Okawaru gifted it to you on level 19 of the Dungeon)

   It affects your strength (+4).
   It affects your dexterity (+2).
Magical devices
 n - a wand of hasting (9)
 x - a wand of teleportation (6)
 J - a wand of teleportation (7)
Comestibles
 A - 15 meat rations
Scrolls
 d - 6 scrolls of remove curse
 k - a scroll of vorpalise weapon
 B - 7 scrolls of blinking
 D - 5 scrolls of identify
 E - 9 scrolls of teleportation
 N - 4 scrolls of magic mapping
 X - 3 scrolls of fog
 Y - 3 scrolls of fear
Jewellery
 h - a ring of the Octopus King (left hand) {Wiz AC+1 EV+1 Str+1 Dex+1 Int+1}
   (You found it on level 2 of the Lair of Beasts)

   [ring of wizardry]

   It affects your AC (+1).
   It affects your evasion (+1).
   It affects your strength (+1).
   It affects your intelligence (+1).
   It affects your dexterity (+1).
 i - a +3,+7 ring of slaying (right hand)
 l - an uncursed ring of protection from cold
 p - an uncursed ring of see invisible
 u - an uncursed amulet of the gourmand
 F - an amulet of clarity (around neck)
 H - an uncursed ring of regeneration
 L - an uncursed amulet of conservation
 W - an uncursed ring of life protection
 Z - a +6,+6 ring of slaying
Potions
 e - a potion of speed
 g - 3 potions of magic
 t - 10 potions of curing
 v - 2 potions of brilliance
 I - 6 potions of restore abilities
 R - 4 potions of heal wounds
 V - a potion of resistance
Books
 C - a Necronomicon {highlevel}

   Spells                             Type                      Level
   *Borgnjor's Revivification         Necromancy                   7
   Haunt                              Necromancy/Summoning         7
   Death's Door                       Charms/Necromancy            8
   Necromutation                      Transmutation/Necromancy     8
Magical staves
 G - an uncursed staff of wizardry
Rods
 U - a +0 rod of warding (13/13)
   (You found it on level 7 of the Dungeon)


   Skills:
 - Level 26.0 Fighting
 - Level 16.0 Staves
 - Level 2.0 Throwing
 O Level 27 Armour
 - Level 16.9 Dodging
 - Level 9.2 Traps
 - Level 10.0 Spellcasting
 - Level 17.1 Charms
 + Level 13.2 Necromancy
 - Level 11.1 Translocations
 - Level 6.3 Air Magic
 - Level 8.0 Invocations
 - Level 8.2 Evocations


You had 15 spell levels left.
You knew the following spells:

 Your Spells              Type           Power        Failure   Level  Hunger
a - Apportation           Tloc           ######....   1%          1    None
b - Blink                 Tloc           N/A          1%          2    None
c - Control Teleport      Chrm/Tloc      #######...   1%          4    ###....
d - Swiftness             Chrm/Air       #######...   1%          2    None
e - Animate Skeleton      Necr           N/A          1%          1    None
f - Flight                Chrm/Air       #######...   1%          3    None
g - Regeneration          Chrm/Necr      #######...   1%          3    None
h - Haste                 Chrm           #######..    3%          6    ######.
i - Sublimation of Blood  Necr           #######...   1%          2    None
j - Borgnjor's Revivific  Necr           #######...   89%         7    #######


Dungeon Overview and Level Annotations

Branches:
Dungeon (27/27)            Temple (1/1) D:7             Orc (4/4) D:8
    Elf (3/3) Orc:3          Lair (8/8) D:9           Swamp (5/5) Lair:5
  Snake (5/5) Lair:4        Slime (0/6) Lair:7       Vaults (5/5) D:16
  Blade (0/1) Vaults:4      Crypt (1/5) Vaults:2        Zot (5/5) D:27

Altars:
Ashenzari
Cheibriados
Elyvilon
Fedhas
Kikubaaqudgha
Makhleb
Nemelex Xobeh
Okawaru
Sif Muna
Trog
Vehumet
Xom
Yredelemnul
Zin
the Shining One
Beogh
Jiyva

Shops:
D:12: / D:19: * D:22: % Orc:2: ( Orc:3: ( Orc:4: (=[* Elf:1: ! Elf:2: [ Snake:1: [[ Snake:2: ! Snake:3: ( Vaults:1: (%= Vaults:5: *

Portals:
Hell: D:21 D:22 D:23 D:24 D:25 D:26 D:27
Abyss: D:22 D:24 D:25 D:26 D:27
Pandemonium: D:24 D:26* D:27
Trove: Vaults:3 (give +4 storm dragon armour)

Annotations
D:5 Garrluk's ghost, experienced MiBe
D:14 exclusion: oklob sapling
D:18 Roxanne
Pan Mnoleg


Innate Abilities, Weirdness & Mutations

You reflexively headbutt those who attack you in melee.
You have a pair of horns on your head.
You tend to lose your temper in combat.
Your vision is quite blurry.
You are clumsy (Dex -2).
Armour fits poorly on your strangely shaped body.
You are dopey (Int -1).
Your magical capacity is very low (-20% MP).
You are robust (+10% HP).
You have a slow metabolism.
You are weak (Str -1).
You occasionally spawn a jelly by eating.
Your rubbery body absorbs attacks (AC +1).
Armour fits poorly on your pseudopods.


Message History

You completely miss Mnoleg. You headbutt Mnoleg!
Mnoleg is severely wounded.
Mnoleg hits you but does no damage.
The chaos spawn gores you but does no damage.
You slash Mnoleg!
Mnoleg's magic leaks into the air.
Your bludgeon misses Mnoleg.
Mnoleg is severely wounded.
The large abomination hits you but does no damage.
The large abomination hits you!
* * * LOW HITPOINT WARNING * * *
Mnoleg closely misses you. Mnoleg hits you but does no damage.
The chaos spawn gores you but does no damage.
You completely miss Mnoleg.
Mnoleg is severely wounded.
The large abomination hits you but does no damage.
Mnoleg hits you but does no damage. The chaos spawn closely misses you.
You furiously retaliate!
You headbutt the chaos spawn, but do no damage.
Mnoleg hits you!
You die...

............##...##...##..GX...X.
......##.....##......##G....X....
....∩.###%....##....##X..%.#** *,
......# ##.X...##..##..X.§#### **
......# ##.....####.....##..## *
....#.# ##XXXXX##.....##....##
....### ##XX3.......##......##
....## ##.X......##...##...#
#....# ##&@....##...####..G
#....# ##......##...####...
.....# ##........##...##....
....### ##..........##........
......# #.....##.....##.......
......# #....####.....##......
......# #...## ##.....##.....
......# ##### ##.....#.....
......# ##.........#


You could see Mnoleg, 2 tentacled monstrosities, 7 large abominations and a
chaos spawn.

Vanquished Creatures
  6 ancient liches (Zot:5)
  Lom Lobon (Pan)
  2 orbs of fire (Zot:5)
  Saint Roka (Swamp:2)
  Boris (D:27)
  2 curse toes
  Mara (Snake:4)
  Mennas (D:21)
  4 Killer Klowns
  9 golden dragons
  A profane servitor (Pan)
  Xtahua (Vaults:2)
  Frederick (D:24)
  2 pandemonium lords (Pan)
  3 electric golems (Zot:5)
  A Brimstone Fiend (Pan)
  10 bone dragons
  2 Hell Sentinels (Pan)
  2 liches
  22 tentacled monstrosities
  25 Orb Guardians (Zot:5)
  6 titans
  An acid blob (Vaults:4)
  9 shadow dragons
  2 deep elf blademasters (Elf:3)
  4 quicksilver dragons
  13 storm dragons
  Kirke (Snake:4)
  5 sphinxes
  Rupert (Snake:2)
  Agnes (D:18)
  Frances (Vaults:1)
  Aizul (Snake:2)
  4 frost giants
  An Executioner (Pan)
  4 balrugs
  2 orc warlords (Orc:4)
  2 draconian knights
  A draconian scorcher (Zot:1)
  Wiglaf (D:21)
  An azure jelly (shapeshifter) (Vaults:5)
  7 fire giants
  A draconian shifter (Zot:1)
  3 azure jellies
  42 stone giants
  9 cacodemons
  A draconian annihilator (Zot:4)
  2 grey draconians
  3 green draconians
  3 draconian callers (Zot:4)
  13 greater nagas (Snake:5)
  The ghost of Naibos the Fighter, a powerful DrMo of Okawaru (Orc:3)
  A white draconian (Zot:5)
  7 deep elf death magi
  A red draconian (Zot:4)
  2 mottled draconians (Zot:4)
  2 pale draconians (Zot:5)
  A purple draconian (Zot:4)
  A black draconian (Zot:4)
  2 reapers
  13 green deaths
  8 deep elf annihilators (Elf:3)
  12 deep elf sorcerers (Elf:3)
  4 yellow draconians
  24 vault guards (Vaults:5)
  A deep elf master archer (Elf:3)
  4 blizzard demons
  7 ettins
  A lorocyproca (D:26)
  Snorg (Vaults:2)
  2 eidola (D:18)
  A minotaur (Lab)
  17 dragons
  53 yaktaur captains
  A ravenous item mimic (Elf:3)
  6 great orbs of eyes
  Fannar (Lair:4)
  7 ice dragons
  4 death cobs
  21 ogre magi
  Harold (D:12)
  Josephine (Orc:2)
  An ice dragon (shapeshifter) (D:24)
  6 death oozes (D:26)
  16 hydras
  2 ravenous feature mimics
  7 deep elf demonologists
  A wolf spider zombie (D:16)
  11 death yaks (Lair:8)
  Nessos (D:13)
  4 anacondas
  An anaconda (shapeshifter) (D:27)
  6 stone giant zombies
  2 death yaks (shapeshifter)
  2 deep elf high priests (Elf:3)
  3 alligators (shapeshifter) (Vaults:5)
  12 alligators
  20 deep trolls
  3 fire giant zombies
  3 orc high priests (Orc:4)
  A shadow dragon skeleton (Vaults:4)
  4 dancing weapons (Vaults:4)
  3 rakshasas (Pan)
  Urug (D:13)
  An iron dragon skeleton (Vaults:4)
  24 centaur warriors
  4 death drakes
  A frost giant skeleton (Vaults:1)
  13 very ugly things
  3 catoblepae (Lair:8)
  A deep troll (shapeshifter) (Vaults:5)
  11 stone giant skeletons
  4 hell knights (D:25)
  3 fire giant skeletons
  A shadow wraith (D:16)
  3 sun demons
  2 sea snakes (D:18)
  16 deep elf knights
  A skeletal warrior (Vaults:1)
  4 soul eaters
  98 slime creatures
  11 iron trolls
  4 ice devils
  4 unseen horrors
  9 naga warriors
  3 swamp worm zombies (Swamp:5)
  A golden dragon simulacrum (Zot:3)
  A giant orange brain (D:22)
  Erolcha (D:12)
  2 shadow demons
  2 flayed ghosts
  17 hill giants
  22 large abominations
  6 ice statues
  8 wizards
  9 harpies
  A lindwurm (Zot:4)
  7 giant amoebae
  9 orc sorcerers
  A harpy (shapeshifter) (Vaults:5)
  27 orc knights
  4 spiny worms
  A hellion (Elf:3)
  Joseph (D:7)
  12 guardian serpents
  A pale draconian skeleton (Abyss)
  2 hydra zombies (Swamp:5)
  7 oklob plants
  A spectral hydra (Swamp:5)
  A harpy zombie (D:19)
  3 necromancers
  4 statues (Vaults:4)
  3 phantasmal warriors
  The ghost of tewe the Spear-Bearer, an experienced MfSk of Okawaru (D:7)
  7 sixfirhies
  2 red wasps (shapeshifter)
  A swamp dragon (Swamp:2)
  5 griffons
  2 wolf spiders (shapeshifter)
  A black mamba (shapeshifter) (D:26)
  Maurice (D:12)
  A hydra skeleton (D:14)
  An ettin zombie (D:22)
  6 red wasps
  3 fire crabs
  25 black mambas
  A fire crab (shapeshifter) (D:23)
  An eye of devastation (D:18)
  A shining eye (D:18)
  2 stone golems
  An elephant slug (Lair:7)
  A sphinx simulacrum (D:15)
  19 moths of wrath
  A slime creature (shapeshifter) (D:27)
  11 small abominations
  16 cyclopes
  A griffon skeleton (D:16)
  An ice dragon skeleton (Vaults:1)
  5 wolf spiders
  4 tormentors
  A dragon skeleton (D:20)
  A queen ant (D:18)
  A feature mimic (Lair:2)
  12 orange demons
  2 spiny worm zombies
  5 ettin skeletons
  15 spiny frogs
  9 hellwings
  12 naga magi
  2 hill giant zombies
  4 iron devils
  Psyche (D:12)
  67 yaktaurs
  3 guardian mummies
  2 komodo dragons (shapeshifter)
  A grey draconian simulacrum (Zot:3)
  3 demonic crawlers (Pan)
  5 queen bees
  113 ugly things
  13 smoke demons
  A hell beast (Pan)
  14 rock trolls
  Sonja (D:14)
  2 redback simulacra
  4 wandering mushrooms
  3 polar bears
  12 trolls
  A polar bear (shapeshifter) (Vaults:2)
  4 komodo dragons
  An agate snail zombie (D:16)
  10 giant leeches
  A spriggan (shapeshifter) (D:24)
  A raven (shapeshifter) (D:22)
  28 two-headed ogres
  A blink frog (shapeshifter) (D:15)
  10 bog bodies
  A deep troll skeleton (Vaults:3)
  A giant firefly (shapeshifter) (D:24)
  A raven (Swamp:1)
  7 jumping spiders
  25 blink frogs
  2 baby alligators (shapeshifter)
  6 baby alligators (Swamp:1)
  A basilisk (shapeshifter) (Vaults:5)
  2 rock troll skeletons
  2 octopodes (shapeshifter)
  7 blue devils
  5 swamp dragon zombies (Swamp:5)
  A tarantella (D:18)
  2 red wasp simulacra
  A hog (D:18)
  A tarantella (shapeshifter) (Vaults:5)
  5 basilisks
  9 brown oozes
  6 spectral swamp dragons (Swamp:5)
  4 vampires
  58 yaks
  3 jumping spiders (shapeshifter)
  A toenail golem (Vaults:2)
  4 chaos spawn
  13 deep elf conjurers
  A spiny worm simulacrum (D:18)
  Eustachio (D:8)
  11 redbacks
  13 neqoxecs
  A fire elemental (Pan)
  5 golden eyes (D:18)
  3 wraiths
  Grum (D:13)
  A trapdoor spider (shapeshifter) (Vaults:5)
  A fire crab zombie (D:15)
  4 fire drakes
  2 redbacks (shapeshifter)
  3 hungry ghosts
  4 wyverns
  61 vampire mosquitoes
  A merfolk (shapeshifter) (D:24)
  7 ynoxinuls
  10 deep elf summoners
  2 trapdoor spiders
  A yaktaur zombie (Vaults:2)
  3 hippogriffs
  2 mottled dragons
  17 deep elf fighters
  44 swamp worms
  13 war dogs
  A manticore (shapeshifter) (D:27)
  A boulder beetle (shapeshifter) (Vaults:5)
  A rock worm (shapeshifter) (D:8)
  A cyclops zombie (D:20)
  4 soldier ants
  4 spatial vortices (D:18)
  5 manticores
  2 giant slug zombies
  A rock worm (Vaults:2)
  3 soldier ants (shapeshifter)
  12 boulder beetles
  2 yellow wasps
  A dwarf (shapeshifter) (Vaults:5)
  2 sky beasts
  5 yaktaur skeletons
  11 freezing wraiths
  74 orc warriors
  26 ice beasts
  3 necrophages
  A rock troll simulacrum (D:16)
  A sky beast (shapeshifter) (D:15)
  A kobold demonologist (D:18)
  2 black bears (shapeshifter)
  A boulder beetle zombie (D:22)
  10 giant goldfish
  12 swamp drakes
  A troll zombie (D:22)
  9 deep elf priests
  17 phantoms
  59 ogres
  45 centaurs
  4 boring beetles
  11 red devils
  2 fire crab simulacra
  58 nagas
  A crocodile (shapeshifter) (Vaults:1)
  8 crocodiles
  3 brain worms (Pan)
  2 rotting devils
  6 wargs
  12 giant slugs
  A warg (shapeshifter) (Vaults:5)
  3 wolves (D:10)
  A lava worm (Snake:3)
  39 water moccasins
  A giant frog (shapeshifter) (D:17)
  A yellow wasp zombie (D:11)
  A silver statue (Vaults:3)
  A water moccasin zombie (D:11)
  3 big kobolds
  11 deep elf magi
  21 giant frogs
  25 insubstantial wisps
  A soldier ant zombie (D:13)
  8 agate snails
  2 basilisk zombies
  A cyclops simulacrum (D:18)
  86 killer bees
  A water moccasin skeleton (D:9)
  A hippogriff simulacrum (D:10)
  A two-headed ogre skeleton (D:14)
  3 human simulacra (IceCv)
  11 jellyfish
  8 lava fish (Snake:3)
  3 pulsating lumps
  8 wights
  7 grizzly bear simulacra (IceCv)
  4 big kobold zombies
  A centaur simulacrum (D:10)
  14 electric eels
  A goliath beetle (D:9)
  12 crimson imps
  12 iron imps
  4 quasits
  A vampire bat (D:18)
  A big kobold skeleton (D:12)
  A mottled dragon skeleton (D:18)
  14 big fish
  16 hounds
  A soldier ant simulacrum (D:10)
  2 hound zombies
  38 orc priests
  4 iguanas
  5 lava snakes (Snake:3)
  6 shadows
  A boring beetle simulacrum (D:18)
  8 worker ants
  8 porcupines
  2 scorpions (D:7)
  13 jellies
  A worker ant zombie (D:9)
  A spectral swamp drake (Swamp:5)
  23 deep elf soldiers
  4 big fish zombies (Swamp:5)
  34 orc wizards
  A crocodile simulacrum (D:10)
  A worm zombie (D:6)
  Jessica (D:3)
  A big kobold simulacrum (D:17)
  24 sheep
  A goliath beetle zombie (D:6)
  3 mummies
  A worker ant simulacrum (D:10)
  4 gnolls (D:4)
  8 lemures
  41 adders
  4 giant centipedes
  An inept feature mimic (D:3)
  A scorpion zombie (D:7)
  4 shadow imps
  81 green rats
  2 giant mites
  An iguana skeleton (D:9)
  12 white imps
  8 worms
  An adder skeleton (D:4)
  35 ufetubi
  7 grey rats
  A giant eyeball (D:14)
  10 giant geckos
  A gnoll skeleton (D:4)
  12 oozes
  200 orcs
  24 bats
  20 goblins
  23 hobgoblins
  20 jackals
  3 ball pythons
  4 giant cockroaches
  10 giant newts
  3 giant spores
  A goblin skeleton (Orc:2)
  5 illusory rakshasas (Pan)
  A jackal simulacrum (D:18)
  A jackal skeleton (Vaults:3)
  26 kobolds
  3 orc skeletons
  3 orc zombies
  10 quokkas
  24 rats
  11 ballistomycetes
  12 butterflies
  A crawling corpse (Elf:3)
  5 fungi
  A macabre mass (Elf:3)
  6 plants
  17 toadstools
3410 creatures vanquished.

Vanquished Creatures (collateral kills)
  A fire drake (Lair:4)
  A hound (Lair:5)
  An iguana (Lair:5)
  A green rat (Lair:5)
  A jackal (Lair:4)
5 creatures vanquished.

Vanquished Creatures (others)
  An acid blob (Pan)
  A green death (Pan)
  A blizzard demon (Pan)
  A hydra (Swamp:5)
  A giant orange brain (Pan)
  A deep troll (shapeshifter) (Vaults:5)
  A centaur warrior (Vaults:1)
  A naga warrior (Snake:5)
  A hill giant (Vaults:1)
  A guardian serpent (Snake:5)
  A shining eye (Pan)
  A hydra skeleton (Swamp:5)
  A sixfirhy (Vaults:3)
  A spiny worm (D:18)
  A slime creature (Vaults:1)
  An orange demon (Elf:3)
  2 naga magi (D:18)
  7 hellwings (Pan)
  2 ugly things
  A two-headed ogre (D:20)
  2 smoke demons (Pan)
  A giant leech (Swamp:5)
  2 yaks (D:9)
  A killer bee (Pan)
  4 humans (Snake:4)
  A neqoxec (Pan)
  A yaktaur skeleton (Vaults:3)
  A small abomination (Lair:5)
  A hell beast (Pan)
  2 ogres
  4 centaurs (Vaults:1)
  A fire crab simulacrum (D:18)
  A naga (Snake:5)
  A rotting devil (Vaults:3)
  A giant slug (Vaults:1)
  4 eyes of draining (Pan)
  A crimson imp (Pan)
  A big fish (Swamp:2)
  An orc wizard (D:22)
  An iron imp (Pan)
  A deep elf soldier (Elf:1)
  A quasit (Pan)
  A sheep (Lair:8)
  26 jellies
  A lemure (Pan)
  A white imp (Pan)
  7 ufetubi
  A giant eyeball (Pan)
  An ooze (shapeshifter) (D:16)
  3 orcs
  A giant spore (D:9)
  3 illusory rakshasas (Pan)
  4312 eldritch tentacle segments
  4 fungi
  9 plants
  30 toadstools
4462 creatures vanquished.

Grand Total: 7877 creatures vanquished

Notes
Turn   | Place    | Note
--------------------------------------------------------------
     0 | D:1      | vogonpoet, the Minotaur Gladiator, began the quest for the Orb.
     0 | D:1      | Reached XP level 1. HP: 18/18 MP: 0/0
    99 | D:1      | Reached skill level 4 in Staves
   158 | D:1      | Reached XP level 2. HP: 12/25 MP: 0/0
   483 | D:1      | Reached skill level 5 in Staves
   583 | D:1      | Reached XP level 3. HP: 30/30 MP: 1/1
  1972 | D:2      | Reached XP level 4. HP: 34/38 MP: 1/1
  2071 | D:2      | Reached skill level 6 in Staves
  2583 | D:3      | Reached XP level 5. HP: 44/44 MP: 1/1
  2607 | D:3      | Noticed Jessica
  2860 | D:3      | Reached skill level 7 in Staves
  2871 | D:3      | Killed Jessica
  3493 | D:4      | Reached skill level 8 in Staves
  3619 | D:4      | Reached XP level 6. HP: 50/50 MP: 2/2
  3921 | D:4      | Reached skill level 9 in Staves
  4369 | D:5      | Entered Level 5 of the Dungeon
  4571 | D:5      | Found a glowing drain.
  4580 | Sewer    | Entered a sewer
  4691 | Sewer    | Reached XP level 7. HP: 57/57 MP: 2/2
  4772 | Sewer    | Reached skill level 1 in Armour
  4787 | Sewer    | Found a white marble altar of Elyvilon.
  4990 | D:5      | Reached skill level 10 in Staves
  5085 | D:5      | Noticed Garrluk's ghost (experienced MiBe)
  5845 | D:6      | Reached XP level 8. HP: 21/63 MP: 2/2
  6384 | D:7      | Reached skill level 5 in Armour
  6403 | D:7      | Noticed tewe's ghost (experienced MfSk)
  6425 | D:7      | Killed tewe's ghost
  6440 | D:7      | Found a staircase to the Ecumenical Temple.
  6451 | Temple   | Entered the Ecumenical Temple
  6460 | Temple   | Became a worshipper of Warmaster Okawaru
  6648 | D:7      | Identified a +0 rod of warding (13/13) (You found it on level 7 of the Dungeon)
  6669 | D:7      | Reached XP level 9. HP: 47/71 MP: 3/3
  6725 | D:7      | Acquired Okawaru's first power
  6805 | D:7      | Found a sparkling altar of Nemelex Xobeh.
  6839 | D:7      | Noticed Joseph
  6858 | D:7      | Killed Joseph
  6858 | D:7      | Reached skill level 5 in Fighting
  7130 | D:7      | Found a glowing golden altar of the Shining One.
  7422 | D:8      | Found a shimmering altar of Xom.
  7439 | D:8      | Found a shimmering altar of Xom.
  7440 | D:8      | Found a shimmering altar of Xom.
  7441 | D:8      | Found a shimmering altar of Xom.
  7442 | D:8      | Found a shimmering altar of Xom.
  7442 | D:8      | Found a shimmering altar of Xom.
  7442 | D:8      | Found a shimmering altar of Xom.
  7505 | D:8      | Reached skill level 11 in Staves
  7572 | D:8      | Got a heavily runed cloak
  7636 | D:8      | Reached skill level 10 in Armour
  8023 | D:8      | Noticed Eustachio
  8057 | D:8      | Killed Eustachio
  8228 | D:8      | Reached XP level 10. HP: 56/82 MP: 3/3
  8490 | D:8      | Noticed a four-headed hydra
  8490 | D:8      | Reached skill level 12 in Staves
  8531 | D:8      | Reached skill level 1 in Invocations
  8576 | D:8      | Found a staircase to the Orcish Mines.
  8955 | D:8      | Identified the cursed +0 cloak "Ghowej" {Dex+1 Int-4} (You found it on level 8 of the Dungeon)
  9189 | D:9      | Found a staircase to the Lair.
  9209 | D:9      | Reached skill level 5 in Invocations
 10118 | Lair:1   | Entered Level 1 of the Lair of Beasts
 10348 | Lair:1   | Acquired Okawaru's second power
 10348 | Lair:1   | Reached skill level 13 in Staves
 10348 | Lair:1   | Reached XP level 11. HP: 39/89 MP: 17/17
 10784 | Lair:1   | Received a gift from Okawaru
 10805 | Lair:1   | Reached skill level 14 in Staves
 10818 | Lair:1   | Got a pair of encrusted gloves {god gift}
 10858 | Lair:1   | Identified the +0 pair of gloves of Lies {rC+ Acc+5, god gift} (Okawaru gifted it to you on level 1 of the Lair of Beasts)
 11689 | Lair:2   | Reached skill level 1 in Traps
 11827 | Lair:2   | Got a ring of the Octopus King
 13660 | Lair:3   | Received a gift from Okawaru
 13671 | Lair:3   | Reached skill level 10 in Fighting
 14126 | Lair:4   | Reached XP level 12. HP: 102/102 MP: 19/19
 14286 | Lair:4   | Noticed Fannar
 14309 | Lair:4   | Killed Fannar
 14331 | Lair:4   | Found a staircase to the Snake Pit.
 14505 | Lair:4   | Noticed a five-headed hydra
 14513 | Lair:4   | Killed a five-headed hydra
 14513 | Lair:4   | Reached skill level 5 in Traps
 15005 | Lair:5   | Found a labyrinth entrance.
 15087 | Lab      | Entered a labyrinth
 15298 | Lab      | Found an exit through the horrors of the Abyss.
 15417 | Lab      | Noticed a minotaur
 15424 | Lab      | Killed a minotaur
 15622 | Lair:5   | Received a gift from Okawaru
 15629 | Lair:4   | Identified a +2 rod of striking (9/9) (You found it in a labyrinth)
 16114 | Lair:5   | Found a staircase to the Swamp.
 16217 | Lair:5   | Got a smoking whip
 16959 | Lair:6   | Noticed an eight-headed hydra
 16969 | Lair:6   | Killed an eight-headed hydra
 16969 | Lair:6   | Reached skill level 15 in Armour
 17187 | Lair:6   | Noticed a five-headed hydra
 17210 | Lair:6   | Killed a five-headed hydra
 17210 | Lair:6   | Received a gift from Okawaru
 17211 | Lair:6   | Got a shimmering quarterstaff {god gift}
 17223 | Lair:6   | Identified the quarterstaff of Mialis {drain, Str+2, god gift} (Okawaru gifted it to you on level 6 of the Lair of Beasts)
 17398 | Lair:6   | Identified a ring of the Octopus King {Wiz AC+1 EV+1 Str+1 Dex+1 Int+1} (You found it on level 2 of the Lair of Beasts)
 17546 | Lair:7   | Reached skill level 16 in Armour
 17747 | Lair:7   | Found a staircase to the Slime Pits.
 18066 | Lair:7   | Received a gift from Okawaru
 18585 | Lair:7   | Reached XP level 13. HP: 96/113 MP: 6/20
 18712 | Lair:8   | Entered Level 8 of the Lair of Beasts
 18757 | Lair:8   | Noticed a four-headed hydra
 18777 | Lair:8   | Killed a four-headed hydra
 19008 | Lair:8   | Noticed a seven-headed hydra
 19022 | Lair:8   | Killed a seven-headed hydra
 19588 | Lair:7   | Noticed an eight-headed hydra
 19593 | Lair:7   | Killed an eight-headed hydra
 20044 | Lair:8   | Reached skill level 15 in Fighting
 20371 | Lair:8   | Received a gift from Okawaru
 20807 | Lair:8   | Received a gift from Okawaru
 20843 | Lair:8   | Reached skill level 17 in Fighting
 20919 | Lair:8   | Noticed an eight-headed hydra
 20929 | Lair:8   | Killed an eight-headed hydra
 21804 | Lair:8   | Reached skill level 18 in Fighting
 22328 | Lair:2   | Learned a level 2 spell: Blink
 22396 | D:10     | Entered Level 10 of the Dungeon
 22712 | D:10     | Reached XP level 14. HP: 132/132 MP: 6/20
 23905 | D:11     | Reached skill level 1 in Spellcasting
 24586 | D:12     | Noticed Erolcha
 24591 | D:12     | Killed Erolcha
 24591 | D:12     | Reached skill level 1 in Translocations
 24788 | D:12     | Received a gift from Okawaru
 24835 | D:12     | Got a heavily runed scale mail {god gift}
 24897 | D:12     | Noticed Maurice
 24916 | D:12     | Killed Maurice
 24952 | D:12     | Found Kiqac's Magical Wand Shoppe.
 25079 | D:12     | Noticed Harold
 25085 | D:12     | Killed Harold
 25193 | D:12     | Noticed Psyche
 25203 | D:12     | Killed Psyche
 25766 | D:13     | Noticed Urug
 25782 | D:13     | Killed Urug
 25809 | D:13     | Noticed Grum
 25812 | D:13     | Killed Grum
 25821 | D:13     | Reached skill level 15 in Staves
 26110 | D:11     | Identified the +2 scale mail of the Clouds {rC+, god gift} (Okawaru gifted it to you on level 12 of the Dungeon)
 26445 | D:13     | Noticed Nessos
 26461 | D:13     | Killed Nessos
 26700 | D:14     | Entered Level 14 of the Dungeon
 26700 | D:14     | Noticed Sonja
 26718 | D:14     | Cast into the Abyss (Sonja)
 26827 | Abyss    | Found a corrupted altar of Lugonu.
 26911 | D:14     | Escaped the Abyss.
 26968 | D:14     | Reached skill level 1 in Evocations
 26970 | D:14     | Received a gift from Okawaru
 27021 | D:14     | Killed Sonja
 27040 | D:15     | Entered Level 15 of the Dungeon
 27564 | D:14     | Paralysed by a giant eyeball for 3 turns
 27903 | D:14     | Received a gift from Okawaru
 28347 | D:15     | Reached skill level 19 in Armour
 28579 | D:14     | Reached XP level 15. HP: 103/139 MP: 7/22
 28583 | D:14     | Found a blossoming altar of Fedhas.
 28726 | D:11     | Learned a level 2 spell: Sublimation of Blood
 28914 | Lair:2   | Learned a level 4 spell: Control Teleport
 29044 | Orc:1    | Entered Level 1 of the Orcish Mines
 29237 | Orc:3    | Found a staircase to the Elven Halls.
 29358 | Orc:2    | Noticed Josephine
 29361 | Orc:2    | Killed Josephine
 29361 | Orc:2    | Reached skill level 1 in Necromancy
 29489 | Orc:2    | Found Maecw's Antique Weapon Shoppe.
 29567 | Orc:4    | Entered Level 4 of the Orcish Mines
 29708 | Orc:3    | Found Aleot's Weapon Shoppe.
 29745 | Orc:3    | Found a roughly hewn altar of Beogh.
 30156 | Orc:3    | Noticed Naibos' ghost (powerful DrMo)
 30232 | Orc:4    | Found a roughly hewn altar of Beogh.
 30602 | Orc:4    | Noticed an orc warlord
 30625 | Orc:4    | Killed an orc warlord
 31018 | Orc:3    | Killed Naibos' ghost
 31018 | Orc:3    | Received a gift from Okawaru
 31019 | Orc:3    | Got a crude steam dragon armour {god gift}
 31157 | Orc:3    | Identified the +0 steam dragon armour "Tonacy" {Str+3 Int+1, god gift} (Okawaru gifted it to you on level 3 of the Orcish Mines)
 31584 | Orc:4    | Reached skill level 5 in Necromancy
 32146 | Orc:4    | Noticed an orc warlord
 32226 | Orc:4    | Killed an orc warlord
 32226 | Orc:4    | Reached skill level 20 in Armour
 32699 | Orc:4    | Found Utashroi's General Store.
 32700 | Orc:4    | Found Hitaaq's Jewellery Emporium.
 32702 | Orc:4    | Found Truehuod's Antique Weapon Shoppe.
 32702 | Orc:4    | Found Pnesul's Antique Armour Emporium.
 32721 | Orc:4    | Bought a pair of glowing boots for 42 gold pieces
 32736 | Orc:4    | Bought an uncursed ring of regeneration for 390 gold pieces
 32736 | Orc:4    | Bought an uncursed ring of teleport control for 650 gold pieces
 32990 | Orc:4    | Bought a scroll of blinking for 93 gold pieces
 33001 | Orc:4    | Bought an elven cloak for 33 gold pieces
 33844 | D:15     | Received a gift from Okawaru
 34510 | D:15     | Received a gift from Okawaru
 34974 | D:17     | Reached XP level 16. HP: 136/149 MP: 22/22
 35070 | D:17     | Reached skill level 5 in Dodging
 35596 | D:17     | Received a gift from Okawaru
 35621 | D:17     | Got a pair of distressingly furry gloves {god gift}
 36223 | D:18     | Reached skill level 1 in Charms
 36398 | D:18     | Noticed a sphinx
 36508 | D:18     | Noticed an eldritch tentacle
 36772 | D:18     | Noticed Roxanne
 36798 | D:18     | Received a gift from Okawaru
 37086 | D:18     | Got a rare book
 37103 | D:18     | Identified the Compendium of Venomous Transformation (You found it on level 18 of the Dungeon)
 37192 | D:18     | Reached skill level 5 in Charms
 37567 | D:18     | Got a levitating book
 37569 | D:18     | Identified the Guide on Intoxication (You found it on level 18 of the Dungeon)
 37625 | D:18     | Reached XP level 17. HP: 107/154 MP: 7/23
 37692 | D:18     | Paralysed by a great orb of eyes for 4 turns
 37737 | D:18     | Cast into the Abyss (spatial vortex)
 37817 | D:18     | Escaped the Abyss.
 37833 | D:18     | Found a blossoming altar of Fedhas.
 37917 | D:18     | Killed a sphinx
 37917 | D:18     | Received a gift from Okawaru
 38259 | D:18     | Noticed Agnes
 38272 | D:18     | Killed Agnes
 38340 | D:17     | Identified the -2 pair of gloves of Indemnity {+Inv +Fly, god gift} (Okawaru gifted it to you on level 17 of the Dungeon)
 38748 | D:19     | Found a glowing silver altar of Zin.
 38753 | D:19     | Found a white marble altar of Elyvilon.
 38754 | D:19     | Found a glowing golden altar of the Shining One.
 38996 | D:19     | Received a gift from Okawaru
 38997 | D:19     | Got an obsidian-encrusted crystal plate armour {god gift}
 39136 | D:17     | Identified the +10 crystal plate armour "Kiestraik" {Str+4 Dex+2, god gift} (Okawaru gifted it to you on level 19 of the Dungeon)
 39190 | D:19     | Noticed a sphinx
 39191 | D:19     | Paralysed by a sphinx for 2 turns
 39210 | D:19     | Killed a sphinx
 39348 | D:19     | Found Jacuewk's General Store.
 39352 | D:19     | Bought a potion of resistance for 126 gold pieces
 39352 | D:19     | Bought 2 scrolls of identify for 72 gold pieces
 39556 | D:20     | Entered Level 20 of the Dungeon
 40027 | D:20     | Got a black book
 40034 | D:20     | Identified the Grimoire of Icy Protection (You found it on level 20 of the Dungeon)
 40037 | D:20     | Learned a level 2 spell: Swiftness
 40374 | D:20     | Reached skill level 1 in Air Magic
 40514 | D:20     | Got a rare book
 40515 | D:20     | Identified the Collected Works on Necromancy (You found it on level 20 of the Dungeon)
 40948 | D:20     | Received a gift from Okawaru
 41168 | D:21     | Noticed Wiglaf
 41194 | D:21     | Killed Wiglaf
 41540 | D:21     | Reached skill level 21 in Armour
 41674 | D:21     | Reached XP level 18. HP: 164/164 MP: 24/24
 41738 | D:21     | Received a gift from Okawaru
 41776 | D:21     | Got a transparent cap {god gift}
 41782 | D:21     | Identified the +1 cap of Okawaru's Favour {rF++ Str+3, god gift} (Okawaru gifted it to you on level 21 of the Dungeon)
 41840 | D:21     | Found a gateway to Hell.
 42141 | D:21     | Reached skill level 5 in Air Magic
 42180 | D:21     | Noticed Mennas
 42197 | D:21     | Killed Mennas
 42676 | D:22     | Received a gift from Okawaru
 42787 | D:22     | Found Sutuuc's Food Boutique.
 42937 | D:22     | Bought a choko for 5 gold pieces
 43065 | D:22     | Found a one-way gate to the infinite horrors of the Abyss.
 44121 | D:16     | Found a staircase to the Vaults.
 44169 | Vaults:1 | Entered Level 1 of the Vaults
 44629 | Vaults:1 | Reached skill level 5 in Evocations
 44778 | Vaults:1 | Noticed a sphinx
 44787 | Vaults:1 | Killed a sphinx
 44810 | Vaults:1 | Received a gift from Okawaru
 44960 | Vaults:1 | Reached XP level 19. HP: 161/172 MP: 8/25
 45474 | Vaults:1 | Received a gift from Okawaru
 45521 | Vaults:1 | Found Giufeus' Jewellery Emporium.
 45526 | Vaults:1 | Bought an uncursed ring of sustenance for 262 gold pieces
 45536 | Vaults:1 | Noticed Frances
 45550 | Vaults:1 | Killed Frances
 45892 | Vaults:1 | Reached skill level 22 in Armour
 46471 | Vaults:1 | Noticed a sphinx
 46481 | Vaults:1 | Killed a sphinx
 46536 | Vaults:1 | Received a gift from Okawaru
 46542 | Vaults:1 | Identified a +2 pair of boots of running {god gift} (Okawaru gifted it to you on level 1 of the Vaults)
 46636 | Vaults:1 | Found Eczuha Prao's Food Emporium.
 46676 | Vaults:1 | Found Mnerel's Weapon Shoppe.
 47156 | Vaults:1 | Bought a choko for 4 gold pieces
 47157 | Vaults:1 | Bought 11 grapes for 13 gold pieces
 47568 | Vaults:2 | Noticed Snorg
 47595 | Vaults:2 | Killed Snorg
 47595 | Vaults:2 | Reached skill level 23 in Armour
 47829 | Vaults:2 | Found a staircase to the Crypt.
 48064 | Vaults:2 | Noticed Xtahua
 48083 | Vaults:2 | Killed Xtahua
 48158 | Vaults:2 | Received a gift from Okawaru
 48383 | Vaults:3 | Reached XP level 20. HP: 151/182 MP: 25/25
 48508 | Vaults:1 | Learned a level 1 spell: Animate Skeleton
 48656 | Vaults:3 | Reached skill level 24 in Armour
 48856 | Vaults:3 | Found a portal to a secret trove of treasure.
 49527 | Vaults:4 | Received a gift from Okawaru
 49862 | Vaults:4 | Found a viscous altar of Jiyva.
 50042 | Vaults:4 | Reached skill level 25 in Armour
 50057 | Vaults:4 | Found a staircase to the Hall of Blades.
 50555 | Vaults:4 | Found a frozen archway.
 50610 | IceCv    | Entered an ice cave
 51015 | IceCv    | Got a faintly humming chain mail
 51116 | Vaults:4 | Identified the cursed -4 chain mail of the Moon {Int+3 Acc+2} (You found it in an ice cave)
 51154 | Vaults:4 | Received a gift from Okawaru
 51560 | Vaults:4 | Upgraded the game from 0.12-a0-1345-gd337936 to 0.12-a0-1397-g08371cf
 51652 | Vaults:1 | Learned a level 3 spell: Regeneration
 52304 | Snake:1  | Entered Level 1 of the Snake Pit
 52711 | Snake:1  | Found Ibuthrukh's Antique Armour Emporium.
 52757 | Snake:1  | Found Yluts' Antique Armour Emporium.
 52794 | Snake:1  | Bought a runed cloak for 43 gold pieces
 52813 | Snake:1  | Reached XP level 21. HP: 185/190 MP: 26/26
 53131 | Snake:2  | Noticed Rupert
 53131 | Snake:2  | Paralysed by Rupert for 6 turns
 53151 | Snake:2  | Killed Rupert
 53489 | Snake:2  | Found Couwk's Distillery.
 53498 | Snake:2  | Bought a potion of curing for 32 gold pieces
 53498 | Snake:2  | Bought a potion of heal wounds for 48 gold pieces
 53507 | Snake:2  | Noticed Aizul
 53510 | Snake:2  | Found a glowing golden altar of the Shining One.
 53519 | Snake:2  | Killed Aizul
 54107 | Snake:3  | Found Ibunafico's Antique Weapon Emporium.
 55123 | Snake:4  | Noticed Mara
 55140 | Snake:4  | Killed Mara
 55177 | Snake:4  | Received a gift from Okawaru
 55623 | Snake:4  | Noticed Kirke
 55643 | Snake:4  | Killed Kirke
 56125 | Snake:5  | Entered Level 5 of the Snake Pit
 56552 | Snake:5  | Received a gift from Okawaru
 57409 | Snake:5  | Cast into the Abyss (greater naga)
 57409 | Abyss    | Found a corrupted altar of Lugonu.
 57498 | Snake:5  | Escaped the Abyss.
 58800 | Snake:5  | Got a serpentine rune of Zot
 59049 | Swamp:1  | Entered Level 1 of the Swamp
 59380 | Swamp:1  | Received a gift from Okawaru
 59521 | Swamp:1  | Reached skill level 26 in Armour
 60287 | Swamp:2  | Noticed Saint Roka
 60326 | Swamp:2  | Killed Saint Roka
 60326 | Swamp:2  | Reached XP level 22. HP: 161/207 MP: 24/27
 62082 | Swamp:4  | Received a gift from Okawaru
 62525 | Swamp:5  | Entered Level 5 of the Swamp
 63900 | Swamp:5  | Noticed a bone dragon
 63922 | Swamp:5  | Killed a bone dragon
 64019 | Swamp:5  | Got a decaying rune of Zot
 65843 | D:18     | Got a levitating book
 65844 | D:18     | Identified the Guide on the Lethal Frostbite (You found it on level 18 of the Dungeon)
 66032 | D:20     | Got a polished bow
 66057 | D:20     | Gained mutation: You have a fast metabolism. [mutagenic glow]
 66405 | D:23     | Reached skill level 27 in Armour
 66713 | D:23     | Reached skill level 5 in Translocations
 66939 | D:24     | Noticed Frederick
 66967 | D:24     | Killed Frederick
 67174 | D:24     | Received a gift from Okawaru
 67256 | D:24     | Found a one-way gate leading to the halls of Pandemonium.
 67683 | D:24     | Reached XP level 23. HP: 190/213 MP: 27/27
 68159 | D:25     | Entered Level 25 of the Dungeon
 68754 | D:25     | Received a gift from Okawaru
 68755 | D:25     | Got a smoking quarterstaff {god gift}
 69350 | D:26     | Identified the quarterstaff of Zeic {flame, SInv, god gift} (Okawaru gifted it to you on level 25 of the Dungeon)
 69395 | D:26     | Noticed a golden dragon
 69427 | D:26     | Killed a golden dragon
 69427 | D:26     | Reached skill level 10 in Charms
 69432 | D:26     | Received a gift from Okawaru
 71417 | D:26     | Received a gift from Okawaru
 72403 | D:27     | Entered Level 27 of the Dungeon
 72640 | D:27     | Noticed Boris
 72666 | D:27     | Killed Boris
 72759 | D:27     | Reached XP level 24. HP: 137/219 MP: 9/28
 73229 | D:27     | Noticed a bone dragon
 73255 | D:27     | Killed a bone dragon
 73255 | D:27     | Reached skill level 10 in Translocations
 74275 | D:27     | Noticed a bone dragon
 74301 | D:27     | Killed a bone dragon
 74498 | D:27     | Received a gift from Okawaru
 74529 | D:27     | Got a polished cloak
 74533 | D:27     | Got a warped short sword {god gift}
 74534 | D:27     | Identified the -2,-6 short sword "Ixuidoac" {slay orc, Str+4, god gift} (Okawaru gifted it to you on level 27 of the Dungeon)
 74549 | D:27     | Identified the +0 cloak of Day {rF+ rC+ MR} (You found it on level 27 of the Dungeon)
 75346 | Crypt:1  | Entered Level 1 of the Crypt
 75583 | Vaults:5 | Entered Level 5 of the Vaults
 75863 | Vaults:5 | Received a gift from Okawaru
 76128 | Vaults:5 | Reached XP level 25. HP: 107/227 MP: 25/29
 76184 | Vaults:5 | Got a silver rune of Zot
 76211 | Vaults:5 | Found Kluprygu's General Store.
 76224 | Vaults:5 | Reached XP level 24. HP: 212/219 MP: 25/28
 76238 | Vaults:5 | Reached XP level 25. HP: 217/227 MP: 26/29
 76260 | Vaults:5 | Reached XP level 24. HP: 219/219 MP: 28/28
 76304 | Vaults:5 | Bought a scroll of teleportation for 60 gold pieces
 76304 | Vaults:5 | Bought a potion of heal wounds for 60 gold pieces
 76339 | Vaults:5 | Got a jewelled glaive
 76367 | Vaults:5 | Noticed a golden dragon
 76387 | Vaults:5 | Killed a golden dragon
 76387 | Vaults:5 | Received a gift from Okawaru
 76387 | Vaults:5 | Reached XP level 25. HP: 227/229 MP: 29/29
 76394 | Vaults:5 | Reached XP level 24. HP: 221/221 MP: 28/28
 76513 | Vaults:5 | Reached XP level 25. HP: 147/231 MP: 29/29
 76572 | Vaults:5 | Reached XP level 24. HP: 172/223 MP: 28/28
 76608 | Vaults:5 | Reached XP level 25. HP: 55/232 MP: 29/29
 76748 | Vaults:5 | Reached XP level 24. HP: 164/225 MP: 8/9
 76762 | Vaults:5 | Reached XP level 25. HP: 114/234 MP: 9/29
 77135 | Vaults:5 | Received a gift from Okawaru
 77675 | Vaults:5 | Identified a +5 rod of striking (6/6) (You found it on level 5 of the Vaults)
 77676 | Vaults:5 | Identified a +2 rod of destruction [fire] (13/13) (You took it off a fire giant on level 5 of the Vaults)
 77876 | Vaults:5 | Got an uncursed smoking spiked flail {venom}
 78065 | Vaults:5 | Got an ancient hammer
 78173 | Vaults:5 | Upgraded the game from 0.12-a0-1397-g08371cf to 0.12-a0-1411-ga3683c4
 78203 | Vaults:4 | Identified the spiked flail "Schosol" {venom, rElec rPois rC+ rN+} (You took it off a yaktaur on level 5 of the Vaults)
 78205 | Vaults:4 | Identified the hammer of Quics {holy, rC+} (You found it on level 5 of the Vaults)
 78206 | Vaults:4 | Identified the glaive "Mipnaxis" {antimagic, +Fly Int+4} (You took it off a vault guard on level 5 of the Vaults)
 78931 | Elf:1    | Entered Level 1 of the Elven Halls
 79053 | Elf:1    | Found Thruofru's Distillery.
 79056 | Elf:1    | Bought a potion of speed for 66 gold pieces
 79056 | Elf:1    | Bought a potion of heal wounds for 36 gold pieces
 79056 | Elf:1    | Bought a potion of heal wounds for 36 gold pieces
 79656 | Elf:1    | Found a glowing golden altar of the Shining One.
 79897 | Elf:2    | Found Threcad's Antique Armour Emporium.
 80111 | Elf:3    | Entered Level 3 of the Elven Halls
 80568 | Elf:3    | Received a gift from Okawaru
 81402 | Elf:3    | HP: 8/243 [deep elf master archer/arrow (33)]
 83316 | Elf:3    | Reached XP level 24. HP: 237/237 MP: 8/9
 84022 | Elf:3    | Got a fine turquoise ring
 84033 | Elf:3    | Got a rare book
 84044 | Elf:3    | Identified the Grimoire of Hexes (You found it on level 3 of the Elven Halls)
 84044 | Elf:3    | Identified the ring "Jarpher" {Str+3 Dam+4} (You found it on level 3 of the Elven Halls)
 84215 | Elf:2    | Learned a level 3 spell: Flight
 84482 | Lair:2   | Learned a level 6 spell: Haste
 85479 | Zot:1    | Entered Level 1 of the Realm of Zot
 85659 | Zot:1    | Reached XP level 25. HP: 167/246 MP: 29/29
 85671 | Zot:1    | Noticed a golden dragon
 85679 | Zot:1    | Killed a golden dragon
 85679 | Zot:1    | Received a gift from Okawaru
 85680 | Zot:1    | Got a pitted flail {god gift}
 86084 | Zot:1    | Noticed a bone dragon
 86097 | Zot:1    | Killed a bone dragon
 86145 | Zot:1    | Identified the flail of Popular Demand {slay orc, Dex+1, god gift} (Okawaru gifted it to you on level 1 of the Realm of Zot)
 86251 | Zot:1    | Noticed a bone dragon
 86263 | Zot:1    | Killed a bone dragon
 86624 | Zot:2    | Noticed a golden dragon
 86636 | Zot:2    | Killed a golden dragon
 86646 | Zot:2    | Reached skill level 15 in Charms
 87201 | Zot:3    | Found a blossoming altar of Fedhas.
 87208 | Zot:3    | Received a gift from Okawaru
 87209 | Zot:3    | Got an ominously black robe {god gift}
 87338 | Zot:3    | Identified the -2 robe of Frymmudd {rF+ Acc+4, god gift} (Okawaru gifted it to you on level 3 of the Realm of Zot)
 87493 | Zot:3    | Noticed a curse toe
 87510 | Zot:3    | Killed a curse toe
 87823 | Zot:3    | Found a snail-covered altar of Cheibriados.
 87978 | Zot:4    | Noticed a Killer Klown
 88003 | Zot:4    | Killed a Killer Klown
 88225 | Zot:4    | Noticed a golden dragon
 88229 | Zot:4    | Killed a golden dragon
 88368 | Zot:4    | Noticed a golden dragon
 88380 | Zot:4    | Killed a golden dragon
 88380 | Zot:4    | Reached XP level 26. HP: 172/255 MP: 29/29
 88412 | Zot:4    | Noticed a golden dragon
 88479 | Zot:4    | Killed a golden dragon
 88816 | Zot:4    | Noticed a golden dragon
 88821 | Zot:4    | Killed a golden dragon
 88821 | Zot:4    | Received a gift from Okawaru
 89385 | Zot:5    | Entered Level 5 of the Realm of Zot
 89498 | Zot:5    | Found a radiant altar of Vehumet.
 89621 | Zot:5    | Noticed a Killer Klown
 89630 | Zot:5    | Killed a Killer Klown
 89745 | Zot:5    | Noticed an ancient lich
 89753 | Zot:5    | Killed an ancient lich
 89753 | Zot:5    | Reached skill level 5 in Spellcasting
 90129 | Zot:5    | Received a gift from Okawaru
 90211 | Zot:5    | Noticed a Killer Klown
 90211 | Zot:5    | Noticed an ancient lich
 90211 | Zot:5    | Noticed a golden dragon
 90271 | Zot:5    | Killed an ancient lich
 90310 | Zot:5    | Noticed an ancient lich
 90337 | Zot:5    | Killed an ancient lich
 90337 | Zot:5    | Reached XP level 27. HP: 253/267 MP: 11/35
 90416 | Zot:5    | Killed a golden dragon
 90505 | Zot:5    | Killed a Killer Klown
 90735 | Zot:5    | Reached skill level 10 in Spellcasting
 90776 | Zot:5    | Noticed an ancient lich
 90821 | Zot:5    | Noticed an orb of fire
 90821 | Zot:5    | Gained mutation: You are clumsy (Dex -1). [an orb of fire]
 90824 | Zot:5    | Gained mutation: Your system is resistant to poisons. [an orb of fire]
 90838 | Zot:5    | Gained mutation: Your body is slowly deteriorating. [an orb of fire]
 90850 | Zot:5    | Killed an orb of fire
 90850 | Zot:5    | Reached skill level 10 in Dodging
 90900 | Zot:5    | Noticed a Killer Klown
 90900 | Zot:5    | Noticed an ancient lich
 90935 | Zot:5    | Killed an ancient lich
 91021 | Zot:5    | Noticed an ancient lich
 91064 | Zot:5    | Killed an ancient lich
 91350 | Zot:5    | Killed a Killer Klown
 91664 | Zot:5    | Killed an ancient lich
 91823 | Zot:5    | Received a gift from Okawaru
 91846 | Zot:5    | Noticed an orb of fire
 92097 | Zot:5    | Gained mutation: You are clumsy (Dex -2). [an orb of fire]
 92113 | Zot:5    | Killed an orb of fire
 92113 | Zot:5    | Reached skill level 15 in Dodging
 92233 | Zot:5    | Noticed a curse toe
 92252 | Zot:5    | Killed a curse toe
 93428 | Vaults:5 | Bought a book of Burglary for 1500 gold pieces
 93432 | Vaults:5 | Learned a level 1 spell: Apportation
 93711 | Vaults:1 | Received a gift from Okawaru
 93726 | Vaults:1 | Got a slimy robe {god gift}
 93857 | Vaults:1 | Identified the +3 robe of the Merchant {Dex+5 Dam+3, god gift} (Okawaru gifted it to you on level 1 of the Vaults)
 96452 | Vaults:1 | Identified a scroll of acquirement
 96466 | Vaults:1 | Upgraded the game from 0.12-a0-1411-ga3683c4 to 0.12-a0-1417-gf41d6fb
 96746 | Vaults:4 | Fell from the grace of Okawaru
 96746 | Vaults:4 | Became a worshipper of Jiyva Jiphusch the Shapeless
 96755 | Vaults:4 | Acquired Jiyva's first power
 96757 | Vaults:4 | Acquired Jiyva's second power
 96770 | Vaults:4 | Lost mutation: Your body is slowly deteriorating. [Jiyva's grace]
 96774 | Vaults:4 | Acquired Jiyva's third power
 96780 | Vaults:4 | Gained mutation: You evolve. [Jiyva's grace]
 96785 | Vaults:4 | Acquired Jiyva's fourth power
 96785 | Vaults:4 | Gained mutation: You rapidly evolve. [Jiyva's grace]
 96796 | Vaults:4 | Lost mutation: Your system is resistant to poisons. [Jiyva's grace]
 96805 | Vaults:4 | Gained mutation: Your body is partially covered in golden eyeballs (Acc +3). [Jiyva's grace]
 96819 | Vaults:4 | Gained mutation: Your rubbery body absorbs attacks (AC +1). [Jiyva's grace]
 96825 | Vaults:4 | Gained mutation: Your muscles are strong, but stiff (Str +1, Dex -1). [Jiyva's grace]
 96882 | Vaults:3 | Lost mutation: You have a fast metabolism. [Jiyva's power]
 96894 | Vaults:4 | Gained mutation: Your system is resistant to poisons. [Jiyva's grace]
 96895 | Vaults:4 | Lost mutation: You are clumsy (Dex -2). [Jiyva's power]
 96903 | Vaults:4 | Gained mutation: You are robust (+10% HP). [Jiyva's grace]
 96923 | Vaults:4 | Gained mutation: You are very robust (+20% HP). [Jiyva's grace]
 96943 | Vaults:4 | Lost mutation: Your system is resistant to poisons. [Jiyva's grace]
 96979 | Vaults:4 | Gained mutation: Armour fits poorly on your pseudopods. [Jiyva's grace]
 97028 | Vaults:3 | Lost mutation: Your muscles are strong, but stiff (Str +1, Dex -1). [Jiyva's grace]
 97069 | Vaults:3 | Lost mutation: You are very robust (+20% HP). [Jiyva's grace]
 97192 | D:18     | Got a droning book
 97193 | D:18     | Identified the Reference Book on Execration and the Snowflakes (You found it on level 18 of the Dungeon)
 97569 | D:19     | Lost mutation: You rapidly evolve. [Jiyva's grace]
 97670 | D:19     | Bought a scroll of enchant armour for 99 gold pieces
 97670 | D:19     | Bought a scroll of magic mapping for 63 gold pieces
 97670 | D:19     | Bought a wand of teleportation (3) for 378 gold pieces
 97845 | D:19     | Lost mutation: Your body is partially covered in golden eyeballs (Acc +3). [Jiyva's grace]
 97865 | D:20     | Lost mutation: You evolve. [Jiyva's grace]
 97989 | Pan      | Entered Pandemonium
 98198 | Pan      | Got a rare book
 98222 | Pan      | Identified Kikubaaqudgha's Incunabulum of Hedging (You found it in Pandemonium)
 98551 | Pan      | Noticed Triosapt the pandemonium lord
 98593 | Pan      | Killed Triosapt the pandemonium lord
 98701 | Pan      | Noticed Twuw Lir the pandemonium lord
 98917 | Pan      | Noticed Rutrios the pandemonium lord
 98965 | Pan      | Reached skill level 10 in Necromancy
 99055 | Pan      | Killed Rutrios the pandemonium lord
 99349 | Pan      | Found an exit through the horrors of the Abyss.
 99584 | Pan      | Learned a level 7 spell: Borgnjor's Revivification
 99984 | Pan      | Entered the realm of Lom Lobon.
100273 | Pan      | Gained mutation: You have a slow metabolism. [Jiyva's grace]
100598 | Pan      | Noticed Lom Lobon
100634 | Pan      | Killed Lom Lobon
100641 | Pan      | Got a magical rune of Zot
100939 | D:24     | Escaped the Pandemonium.
100990 | Pan      | Entered the realm of Mnoleg.
100990 | Pan      | Entered Pandemonium
100993 | Pan      | Gained mutation: You occasionally shout uncontrollably. [a neqoxec]
101017 | Pan      | Found an exit through the horrors of the Abyss.
101035 | Pan      | Gained mutation: You are dopey (Int -1). [a neqoxec]
101038 | Pan      | Gained mutation: You tend to lose your temper in combat. [a neqoxec]
101070 | Pan      | Lost mutation: You are dopey (Int -1). [Jiyva's power]
101073 | Pan      | Gained mutation: You occasionally spawn a jelly by eating. [Jiyva's grace]
101076 | Pan      | Gained mutation: Your magical capacity is low (-10% MP). [a cacodemon]
101084 | Pan      | Gained mutation: You are dopey (Int -1). [a cacodemon]
101100 | Pan      | Lost mutation: You occasionally shout uncontrollably. [Jiyva's power]
101124 | Pan      | Gained mutation: You are clumsy (Dex -2). [a cacodemon]
101211 | Pan      | Gained mutation: Your vision is a little blurry. [a neqoxec]
101213 | Pan      | Gained mutation: You are weak (Str -1). [a neqoxec]
101216 | Pan      | Gained mutation: Armour fits poorly on your strangely shaped body. [a neqoxec]
101247 | Pan      | Gained mutation: Your magical capacity is very low (-20% MP). [a cacodemon]
101286 | Pan      | Gained mutation: Your vision is quite blurry. [a neqoxec]
101356 | Pan      | Noticed Mnoleg
101498 | Pan      | HP: 4/291 [large abomination[Mnoleg] (19)]
101499 | Pan      | HP: 1/291 [Mnoleg (4)]
101506 | Pan      | Slain by Mnoleg
